 Dungeon Crawl Stone Soup version 0.20.1-1-g8b1a95d (webtiles) character file.

174 Lorak the Insei (level 5, -1/26 HPs)
             Began as a Vine Stalker Warper on Oct 14, 2017.
             Was an Initiate of the Shining One.
             Killed by divine providence
             ... invoked by an orc priest
              (16 damage)
             ... on level 3 of the Dungeon.
             The game lasted 00:22:58 (2430 turns).

Lorak the Insei (Vine Stalker Warper)               Turns: 2430, Time: 00:22:59

Health: -1/26      AC:  7    Str: 14    XL:     5   Next: 54%
Magic:  0/10       EV: 12    Int: 18    God:    the Shining One [......]
Gold:   168        SH:  0    Dex: 14    Spells: 2/9 levels left

rFire    . . .     SeeInvis .     - Unarmed
rCold    . . .     Gourm    .   (no shield)
rNeg     . . .     Faith    .   a - +1 leather armour
rPois    .         Spirit   +   (no helmet)
rElec    .         Reflect  .   d - +0 cloak
rCorr    .         Harm     .   (no gloves)
MR       .....                  (no boots)
Stlth    +.........             (no amulet)
Regen    0.5/turn               h - +2 ring of protection
MPRegen  0.2/turn               (no ring)

@: brilliant, shrouded, glowing
A: fangs 2, regeneration 1, magic shield, antimagic bite, no potion heal 3, rot
immunity
a: Renounce Religion


You were on level 3 of the Dungeon.
You worshipped the Shining One.
The Shining One was noncommittal.
You were very full.

You visited 1 branch of the dungeon, and saw 3 of its levels.

You collected 168 gold pieces.

Inventory:

Missiles
 c - a javelin (quivered)
Armour
 a - a +1 leather armour (worn)
 d - a +0 cloak (worn)
Jewellery
 h - a +2 ring of protection (left hand)
Scrolls
 i - 2 scrolls of remove curse
 j - a scroll of immolation
 m - a scroll of fog {unknown}
Potions
 e - a potion of curing
 k - a potion of mutation
Books
 b - a book of Spatial Translocations

   Spells                             Type                      Level
   a - Blink                          Translocation                2
   b - Shroud of Golubria             Charms/Translocation         2
   c - Lesser Beckoning               Translocation                3
   d - Gell's Gravitas                Translocation                3
   e - Teleport Other                 Translocation                3
   f - Passage of Golubria            Translocation                4
Comestibles
 f - 2 bread rations
 g - a meat ration


   Skills:
 + Level 2.1 Fighting
 + Level 1.1 Throwing
 + Level 1.7 Armour
 + Level 2.1 Dodging
 + Level 0.6 Stealth
 + Level 4.0 Unarmed Combat
 + Level 2.7 Spellcasting
 + Level 3.1 Translocations


You had 2 spell levels left.
You knew the following spells:

 Your Spells              Type           Power        Failure   Level  Hunger
a - Blink                 Tloc           N/A          1%          2    ##.....
b - Shroud of Golubria    Chrm/Tloc      ###.......   2%          2    ##.....
c - Gell's Gravitas       Tloc           ###.......   2%          3    ###....


Dungeon Overview and Level Annotations

Branches:
Dungeon (3/15)

Altars:
Fedhas
The Shining One

Annotations:
D:2 Sigmund


Innate Abilities, Weirdness & Mutations

You have extremely sharp teeth.
Your natural rate of healing is unusually fast.
When hurt, damage is shared between your health and your magic reserves.
Your bite disrupts and absorbs the magic of your enemies.
Potions cannot restore your health.
You are immune to rotting.


Message History

The orc misses you.
You barely miss the orc.
The orc is heavily wounded.
The orc closely misses you.
The orc priest casts a cantrip, but nothing happens.
You hit the orc.
You kill the orc!
The orc shouts!
The orc priest mumbles some strange prayers to Beogh against you.
Pain shoots through your body!
You see here a flail.
You hit the orc priest but do no damage.
The orc priest is lightly wounded.
The orc priest mumbles some strange prayers to Beogh against you.
You struggle to resist.
Your shroud bends the orc's attack away.
The orc priest calls down the wrath of Beogh upon you.
Beogh smites you!
Ouch! That really hurt!
You die...

###
################..
#.................
#.##############.#
#.# ###.# #.#
#.... #.# #.#.#
#@# ###### #.#.#
#)#####.P..###.#.#
#oo...P..(..##.#.#
####....♣♣.oP.....
#..PP♣♣♣P)o.#.#
#..♣♣♣♣..P..#..
##.P♣♣ ♣♣P.).###
#....♣ ♣♣♣...##
#.P..♣♣♣PPPP..#


You could see an orc priest and an orc.

Vanquished Creatures
  Crazy Yiuf (D:2)
  An orc wizard (D:3)
  4 gnolls (D:2)
  2 adders
  An ooze (D:2)
  2 dart slugs (D:1)
  4 orcs (D:3)
  2 ball pythons (D:1)
  5 bats
  4 giant cockroaches
  12 goblins
  6 hobgoblins
  4 kobolds (D:1)
  A frilled lizard (D:1)
  2 rats
51 creatures vanquished.

Notes
Turn   | Place    | Note
-------+----------+-------------------------------------------
     0 | D:1      | Lorak the Vine Stalker Warper began the quest for the Orb.
     0 | D:1      | Reached XP level 1. HP: 11/11 MP: 4/4
     0 | D:1      | Transloc + Charms
   162 | D:1      | Reached XP level 2. HP: 12/15 MP: 4/6
   166 | D:1      | Learned a level 2 spell: Blink
   169 | D:1      | Learned a level 2 spell: Shroud of Golubria
   199 | D:1      | Reached skill level 1 in Armour
   742 | D:1      | Reached skill level 1 in Throwing
   742 | D:1      | Reached XP level 3. HP: 4/18 MP: 2/7
   769 | D:1      | Learned a level 3 spell: Gell's Gravitas
  1304 | D:2      | Noticed Sigmund
  1392 | D:2      | Gained mutation: Your natural rate of healing is unusually fast. [Vine Stalker growth]
  1392 | D:2      | Reached XP level 4. HP: 23/23 MP: 8/8
  1407 | D:2      | Reached skill level 3 in Unarmed Combat
  1534 | D:2      | Found a runed door.
  1538 | D:2      | Noticed Crazy Yiuf
  1643 | D:2      | Killed Crazy Yiuf
  1643 | D:2      | Reached XP level 5. HP: 19/26 MP: 5/10
  1853 | D:3      | Found a glowing golden altar of the Shining One.
  1860 | D:3      | Became a worshipper of the Shining One
  1988 | D:3      | Found a blossoming altar of Fedhas.
  2233 | D:3      | Reached skill level 4 in Unarmed Combat
  2430 | D:3      | Killed from afar by an orc priest

Skill      XL: |  1  2  3  4  5 |
---------------+----------------+-----
Armour         | 1 |  1.7
Throwing       | 1 |  1.1
Unarmed Combat | 3 4 |  4.0
Fighting       | 2 |  2.1
Dodging        | 2 |  2.1
Stealth        | |  0.6
Spellcasting   | |  2.7
Translocations | |  3.1

Action                   |  1- 3 |  4- 6 || total
-------------------------+-------+-------++-------
Melee: Unarmed           |   143 |    79 ||   222
       Bite              |    37 |    15 ||    52
       Punch             |       |     1 ||     1
Throw: Tomahawk          |     2 |     3 ||     5
       Javelin           |       |    12 ||    12
 Cast: Blink             |       |     1 ||     1
       Shroud of Golubri |       |     1 ||     1
       Gell's Gravitas   |       |     1 ||     1
  Use: Scroll            |     6 |     6 ||    12
       Potion            |       |     1 ||     1
  Eat: Meat ration       |     1 |       ||     1
       Royal jelly       |     1 |       ||     1
       Fruit             |       |     5 ||     5
Armor: Leather armour    |    50 |    19 ||    69
Dodge: Dodged            |    93 |    37 ||   130
